 Dungeon Crawl Stone Soup version 0.30-a0-1114-gd936c97349 (console) character file.

Game seed: 107527964651027648

2455 Banquo the Thaumaturge (level 9, -6/65 HPs)
             Began as a Djinni Fire Elementalist on Apr 21, 2023.
             Was an Initiate of Cheibriados.
             Mangled by an orc warrior
             ... wielding a +0 war axe
              (8 damage)
             ... on level 6 of the Dungeon.
             The game lasted 00:28:46 (6166 turns).

Banquo the Thaumaturge (Djinni Fire Elementalist)   Turns: 6166, Time: 00:28:48

Health: -6/65      AC:  3    Str:  8    XL:     9   Next: 79%
Gold:   519        EV: 14    Int: 21    God:    Cheibriados [......] SH:  5 Dex: 22

rFire   + + .      SeeInvis .    a - +6 shillelagh "Devastator" {shatter}
rCold   x . .      Faith    .    (no shield)
rNeg    + . .      Spirit   .    E - +0 robe
rPois   ∞          Reflect  +    h - +0 helmet
rElec   .          Rampage  .    (no cloak)
rCorr   .                        (no gloves)
Will    .....                    (boots unavailable)
Stlth   ++                       C - amulet of reflection
HPRegen 0.30/turn                f - ring of positive energy
MPRegen 0.00/turn                N - +6 ring of dexterity

@: flying, very slow
A: sickness immunity, fire resistance 2, cold vulnerability 1, float, innate
caster, HP casting, extra vitality 1
a: Renounce Religion


You were on level 6 of the Dungeon.
You worshipped Cheibriados.
Cheibriados was noncommittal.
You visited 2 branches of the dungeon, and saw 7 of its levels.

You collected 519 gold pieces.

Inventory:

Hand Weapons
 a - the +6 shillelagh "Devastator" (weapon) {shatter}
   (You found it on level 4 of the Dungeon)
 b - a +0 dagger of holy wrath
 e - a +0 whip
 G - a +2 war axe of venom
 L - a +2 whip of flaming
 O - the +3 flail of the Equinox {heavy, rElec rF+ rC-}
   (You found it on level 6 of the Dungeon)

   rF:        It protects you from fire.
   rC:        It makes you vulnerable to cold.
   rElec:     It insulates you from electricity.
Armour
 h - a +0 helmet (worn)
 D - +0 shadow dragon scales
 E - a +0 robe (worn)
 I - a +0 hat
Jewellery
 f - a ring of positive energy (left hand)
 s - a ring of positive energy
 C - an amulet of reflection (around neck)
 N - a +6 ring of dexterity (right hand)
Wands
 A - a wand of paralysis (13)
 K - a wand of light (12)
 M - a wand of flame (21)
Scrolls
 c - 2 scrolls of identify {unknown}
 g - 2 scrolls of enchant weapon {unknown}
 j - 2 scrolls of poison {unknown}
 n - a scroll of enchant armour {unknown}
 o - 3 scrolls of immolation {unknown}
 q - 3 scrolls of teleportation {unknown}
 r - a scroll of blinking {unknown}
 u - 3 scrolls of noise {unknown}
 w - a scroll of fear {unknown}
 y - 2 scrolls of amnesia {unknown}
 H - a scroll of silence {unknown}
Potions
 d - a potion of flight {unknown}
 i - 3 potions of might {unknown}
 k - a potion of cancellation {unknown}
 l - 2 potions of curing {unknown}
 m - 5 potions of heal wounds {unknown}
 p - 2 potions of berserk rage {unknown}
 t - 2 potions of brilliance {unknown}
 v - 2 potions of lignification {unknown}
 x - a potion of magic {unknown}
 z - 2 potions of haste {unknown}
 B - 2 potions of degeneration {unknown}
 F - a potion of ambrosia {unknown}
 J - 2 potions of attraction {unknown}


   Skills:
 * Level 5.4 Fighting
 * Level 3.0 Dodging
 - Level 1.5 Stealth
 + Level 8.9 Spellcasting


You knew the following spells:

 Your Spells              Type           Power      Damage    Failure   Level
a - Poisonous Vapours     Pois/Air       92%        N/A       1%          2
b - Volatile Blastmotes   Fire/Tloc      92%        2d17      1%          3
c - Scorch                Fire           92%        2d9       1%          2
d - Animate Dead          Necr           46%        N/A       1%          4
i - Call Imp              Summ           92%        N/A       1%          2
p - Beastly Appendage     Tmut           92%        N/A       1%          1
w - Flame Wave            Conj/Fire      46%        2d12      1%          4
z - Foxfire               Conj/Fire      100%       2x1d9     1%          1
L - Inner Flame           Hex/Fire       46%        N/A       1%          3
Your spell library was empty.

Dungeon Overview and Level Annotations

Branches:
Dungeon (6/15)             Temple (1/1) D:6

Altars:
Ashenzari
Cheibriados
Dithmenos
Fedhas
Gozag
Hepliaklqana
Makhleb
Okawaru
Qazlal
Ru
Xom
The Shining One

Shops:
D:2 (   D:6 :

Annotations:
D:6 1 runed translucent door, Crazy Yiuf


Innate Abilities, Weirdness & Mutations

You are immune to sickness and miasma.
You are immune to poison.
Your flesh is very heat resistant. (rF++)
You are vulnerable to cold. (rC-)
You float through the air rather than walking.
You learn spells naturally, not from books.
Your magical power is your life essence.
You have superior vitality. (+4 MHP)


Message History

You block the orc's attack. You block the orc warrior's attack.
Topfpfpflanze's ghost hits you.
You hit the orc warrior but do no damage.
The orc warrior is heavily wounded.
You block the orc warrior's attack. The orc closely misses you.
Topfpfpflanze's ghost closely misses you.
The orc warrior hits you with a +0 war axe!
* * * LOW HITPOINT WARNING * * *
Topfpfpflanze's ghost misses you. The orc hits you with a +0 club.
* * * LOW HITPOINT WARNING * * *
Okay, then.
Okay, then.
Unknown command.
Unknown command.
Unknown command.
Unknown command.
Unknown command.
Unknown command.
Unknown command.
Press: ? - help, v - describe, . - travel, g - get item
Here: topfpfpflanze's ghost (almost destroyed)
Items here: a +0 dire flail; a +0 chain mail.
An open translucent gate.
Unknown command.
Unknown command.
Casting: Flame Wave (dangerous; 1% risk of failure)
Confirm with . or Enter, or press ? or * to list all spells.
Casting: Flame Wave (dangerous; 1% risk of failure)
Press: ? - help, Dir - look around, f - activate A wave of flame ripples out!
The flame wave engulfs topfpfpflanze's ghost!
You destroy topfpfpflanze's ghost!
Cheibriados appreciates the change of pace.
The flame wave engulfs the orc but does no damage.
The flame wave engulfs the orc warrior!
The orc warrior is severely wounded. (Press . to intensify the flame waves.)
* * * LOW HITPOINT WARNING * * *
The orc warrior hits you with a +0 war axe!
You die...

......##..............#.....#....
......#######..#.##..#...#...#..#
.....## #######8.##....###....##
.....# 8.....#.......#.#.#.....
.....# ..##.:#...###...#...####
.....# ..8#))#...#<....#..## #
.....# ..##.)#...#.###...## #
...).# )...#)#..######..#######
###### [...#)o@................ #
_.8.#.)o..#####.#######.
[...#.'...# ### #. ....#.#...# #.
..##..#...# #. ..8#..#...# #.
..##..#...# #####. 8.....#...#
#....# #######8..# #.##.#


You could see an orc warrior and an orc.

Vanquished Creatures
  Pikel (D:5)
  5 yaks (D:5)
  The ghost of topfpfpflanze the Thaumaturge, an amateur FeFE of Gozag (D:6)
  An orc warrior (D:6)
  An ice beast (D:6)
  A black bear (D:4)
  4 ogres
  A lemure (D:5)
  A scorpion (D:5)
  3 electric eels (D:6)
  2 jellies (D:6)
  A hound (D:4)
  3 orc priests
  Ijyb (D:3)
  2 iguanas
  An orc wizard (D:5)
  3 gnolls (D:4)
  An adder (D:3)
  A white imp (D:6)
  3 worms
  2 dart slugs
  26 orcs
  9 endoplasms
  5 giant cockroaches
  5 goblins
  10 hobgoblins
  5 jackals
  A quokka (D:2)
  10 ball pythons
  5 bats
  3 frilled lizards
  6 kobolds
  4 rats
  2 butterflies (D:6)
130 creatures vanquished.

Vanquished Creatures (others)
  310 foxfires
310 creatures vanquished.

Grand Total: 440 creatures vanquished

Notes
Turn   | Place    | Note
-------+----------+-------------------------------------------
     0 | D:1      | Banquo the Djinni Fire Elementalist began the quest for the
                  | Orb.
     0 | D:1      | Banquo set off with the following spells memorised:
                  | Foxfire, Scorch, Volatile Blastmotes, Inner Flame, Flame
                  | Wave.
     0 | D:1      | Reached XP level 1. HP: 15/15 MP: 0/0
    79 | D:1      | Reached XP level 2. HP: 18/22 MP: 0/0
   459 | D:1      | Reached skill level 3 in Spellcasting
   520 | D:1      | Reached XP level 3. HP: 23/26 MP: 0/0
   520 | D:1      | Learned a level 1 spell: Beastly Appendage
   703 | D:2      | Reached skill level 1 in Fighting
   818 | D:2      | Found a faded altar of an unknown god.
  1082 | D:2      | Found Ihoog's Weapon Emporium.
  1226 | D:3      | Found a stormy altar of Qazlal.
  1293 | D:3      | Found a broken altar of Ashenzari.
  1299 | D:3      | Found a shadowy altar of Dithmenos.
  1304 | D:3      | Found a blossoming altar of Fedhas.
  1400 | D:3      | Reached XP level 4. HP: 13/32 MP: 0/0
  1781 | D:3      | Found a burning altar of Makhleb.
  1797 | D:3      | Reached XP level 5. HP: 30/38 MP: 0/0
  1797 | D:3      | Learned a level 2 spell: Poisonous Vapours
  2098 | D:3      | Noticed Ijyb
  2104 | D:3      | Killed Ijyb
  2105 | D:3      | Reached skill level 4 in Spellcasting
  2404 | D:4      | Noticed an ogre
  2404 | D:4      | Found the +6 shillelagh "Devastator" {shatter}
  2405 | D:4      | Noticed an ogre
  2408 | D:4      | Killed an ogre
  2409 | D:4      | Reached XP level 6. HP: 39/43 MP: 0/0
  2413 | D:4      | Killed an ogre
  2637 | D:4      | Reached skill level 5 in Spellcasting
  2655 | D:4      | Noticed an ogre
  2677 | D:4      | Killed an ogre
  2678 | D:4      | Reached XP level 7. HP: 41/49 MP: 0/0
  2678 | D:4      | Learned a level 2 spell: Call Imp
  3760 | D:4      | Found a sacrificial altar of Ru.
  3820 | D:5      | Entered Level 5 of the Dungeon
  4027 | D:5      | Noticed a yak
  4030 | D:5      | Noticed a yak
  4031 | D:5      | Noticed a yak
  4032 | D:5      | Noticed a yak
  4034 | D:5      | Killed a yak
  4035 | D:5      | Reached skill level 6 in Spellcasting
  4035 | D:5      | Reached XP level 8. HP: 35/56 MP: 0/0
  4054 | D:5      | Noticed a yak
  4225 | D:5      | Killed a yak
  4299 | D:5      | Killed a yak
  4350 | D:5      | Killed a yak
  4351 | D:5      | Reached skill level 7 in Spellcasting
  4360 | D:5      | Noticed Pikel
  4478 | D:5      | Paralysed by Pikel for 5 turns
  4491 | D:5      | Killed Pikel
  4492 | D:5      | Reached skill level 8 in Spellcasting
  4492 | D:5      | Reached XP level 9. HP: 55/64 MP: 0/0
  4492 | D:5      | Learned a level 4 spell: Animate Dead
  4822 | D:5      | Reached skill level 5 in Fighting
  5309 | D:6      | Found a staircase to the Ecumenical Temple.
  5318 | Temple   | Entered the Ecumenical Temple
  5334 | Temple   | Became a worshipper of Cheibriados the Contemplative
  5374 | D:6      | Found a shimmering altar of Xom.
  5386 | D:6      | Found Ajompo's Book Shop.
  5479 | D:6      | Found an iron altar of Okawaru.
  5606 | D:6      | Found a runed translucent gate.
  5606 | D:6      | Found a runed translucent gate.
  5606 | D:6      | Found a runed translucent gate.
  5609 | D:6      | Noticed topfpfpflanze's ghost (amateur FeFE)
  5679 | D:6      | Identified the +3 flail of the Equinox {heavy, rElec rF+
                  | rC-}
  5911 | D:6      | Found a runed translucent door.
  5912 | D:6      | Noticed Crazy Yiuf
  6166 | D:6      | Killed topfpfpflanze's ghost
  6166 | D:6      | Mangled by an orc warrior

Illustrated notes

Levels and vault maps discovered:
D:1:      matt_arrival_diagonals, layout_basic, nicolae_figureground_sparkle
D:2:      layout_rooms, shapermc_ecumenical_altar_mp_ritualfount, serial_shops,
          nicolae_shop_hallway_stairs
D:3:      layout_loops_ring, grunt_qazlal_clouds,
          grunt_temple_overflow_cloverleaf, amcnicky_altar_gilded, uniq_ijyb
D:4:      nicolae_cairo_tiling, layout_loops_corners,
          mainiacjoe_overflow_alcove_4, dilly_guarded_unrand_devastator
D:5:      layout_basic, uniq_pikel
D:6:      layout_basic, xom_butterflies, okawaru_metal_pillars_1_2,
          minmay_temple_entry_arrows, biasface_ghost_orc_armoury, serial_shops,
          nicolae_shop_tiny_statue_garden, chequers_big_river,
          uniq_crazy_yiuf_cottage
Temple:   nicolae_temple_stand_before_the_council

Skill      XL: |  1  2  3  4  5  6  7  8  9 |
---------------+----------------------------+-----
Spellcasting   | 3 4 5 6 8 |  8.9
Fighting       | 1 2 3 4 5 |  5.4
Dodging        | 3 |  3.0
Stealth        | |  1.5

Action                     |  1- 3 |  4- 6 |  7- 9 || total
---------------------------+-------+-------+-------++-------
  Melee: Dagger            |       |     5 |       ||     5
         Shillelagh        |       |     2 |     3 ||     5
   Cast: Foxfire           |    65 |    52 |    82 ||   199
         Scorch            |    13 |    27 |    19 ||    59
         Beastly Appendage |     1 |       |    11 ||    12
         Volatile Blastmot |       |       |    23 ||    23
         Poisonous Vapours |       |       |    15 ||    15
         Flame Wave        |       |       |     6 ||     6
 Armour: Robe              |       |       |     2 ||     2
  Dodge: Dodged            |     3 |    10 |    13 ||    26
  Block: Other             |       |     1 |     4 ||     5

Table legend: (Time is in decaauts)
 A = Elapsed time spent in this place.
 B = Non-inter-level travel time spent in this place.
 C = Inter-level travel time spent in this place.
 D = Time resting spent in this place.
 E = Time spent auto-exploring this place.
 F = Levels seen in this place.
 G = Mean time per level.
                   A        B        C        D        E       F      G
               +--------+--------+--------+--------+--------+-----+--------+
         Total |   6362 |   5822 |    540 |    277 |   4417 |   7 |  908.9 |
       Dungeon |   6330 |   5792 |    538 |    277 |   4406 |   6 | 1055.0 |
        Temple |     31 |     29 |      2 |      0 |     11 |   1 |   31.0 |
               +--------+--------+--------+--------+--------+-----+--------+

Top non-repeatable levels by time:
     D:4: 1687 daAuts
     D:5: 1202 daAuts
     D:3: 1176 daAuts
     D:6: 1023 daAuts
     D:1: 771 daAuts
     D:2: 468 daAuts
  Temple: 31 daAuts
